 Dungeon Crawl Stone Soup version 0.30.0-5-g1a98f26d00 (webtiles) character file.

Game seed: 7886039477335242740

56 MacCMillion the Digger (level 3, -3/19 HPs)
             Began as a Gargoyle Earth Elementalist on May 11, 2023.
             Slain by Terence
             ... wielding a +0 flail
              (7 damage)
             ... on level 2 of the Dungeon.
             The game lasted 00:03:16 (1860 turns).

MacCMillion the Digger (GrEE)                       Turns: 1860, Time: 00:03:17

Health: -3/19      AC:  5    Str: 11    XL:     3   Next: 97%
Magic:  0/6        EV: 11    Int: 17    God:
Gold:   62         SH:  0    Dex: 10    Spells: 2/6 levels left

rFire   . . .        e - +0 rapier
rCold   . . .        (no shield)
rNeg    + . .        a - +0 robe
rPois   ∞            (no helmet)
rElec   +            (no cloak)
rCorr   .            (no gloves)
SInv    .            (no boots)
Will    .....        (no amulet)
Stlth   ++           (no ring)
HPRegen 0.23/turn    (no ring)
MPRegen 0.10/turn

%: no passive effects
@: no status effects
A: sickness immunity, AC +3, negative energy resistance 1, electricity
resistance, torment resistance 1, petrification resistance
a: no special abilities


You were on level 2 of the Dungeon.
You visited 1 branch of the dungeon, and saw 3 of its levels.

You collected 62 gold pieces.

Inventory:

Hand Weapons
 e - a +0 rapier (weapon)
Armour
 a - a +0 robe (worn)
Scrolls
 f - a scroll of identify {unknown}
 g - 2 scrolls of vulnerability
 h - a scroll of fog {unknown}
 j - a scroll of teleportation {unknown}
Potions
 b - a potion of magic
 c - a potion of lignification {unknown}
 d - a potion of haste {unknown}
 i - a potion of curing {unknown}


   Skills:
 - Level 1.5 Dodging
 - Level 2.1 Stealth
 + Level 2.0 Spellcasting
 + Level 0.1 Conjurations
 - Level 0.7 Transmutations
 + Level 5.7 Earth Magic


You had 2 spell levels left.
You knew the following spells:

 Your Spells              Type           Power      Damage    Failure   Level
a - Sandblast             Erth           42%        2d11      1%          1
b - Stone Arrow           Conj/Erth      22%        3d8       17%         3

Your spell library contained the following spells:

 Spells                   Type           Power      Damage    Failure   Level
 Passwall                 Tmut/Erth      10%        N/A       8%          2
 Beastly Appendage        Tmut           8%         N/A       14%         1
 Wereblood                Tmut           4%         N/A       22%         2
 Spider Form              Tmut/Pois      2%         N/A       45%         3
 Petrify                  Tmut/Erth      12%        N/A       45%         4


Dungeon Overview and Level Annotations

Branches:
Dungeon (3/15)

Altars:

Annotations:
D:2 Sigmund, Terence


Innate Abilities, Weirdness & Mutations

You are immune to sickness and miasma.
Your stone body is resilient. (AC +3)
You are immune to poison.
You resist negative energy. (rN+)
You are resistant to electric shocks. (rElec)
You are resistant to unholy torment.
You are immune to petrification.


Message History

Confirm with . or Enter, or press ? or * to list all spells.
You can't see any susceptible monsters within range! (Use Z to cast anyway.) Unknown command.
The blast of sand hits Terence but does no damage.
Terence says, "How do you enjoy it?"
The blast of sand hits Terence but does no damage.
The blast of sand hits Terence but does no damage.
Terence hits you with a +0 flail.
The blast of sand hits Terence but does no damage.
Terence hits you with a +0 flail. x2
The blast of sand hits Terence but does no damage.
Terence hits you with a +0 flail.
You are too injured to fight recklessly!
You are too injured to fight recklessly!
You are too injured to fight recklessly!
Aiming: Sandblast (safe; 1% risk of failure)
Press: ? - help, Q - select action Shift-Dir - straight line, f/p - Terence
Aim: Terence, wielding a +0 flail and wearing a +2 scale mail of fire resistance (85% to hit)
The blast of sand hits Terence but does no damage.
Terence misses you. Terence barely misses you.
Unknown command.
You hit Terence but do no damage. Terence hits you but does no damage.
You barely miss Terence. Terence hits you with a +0 flail.
Aiming: Sandblast (safe; 1% risk of failure)
Press: ? - help, Q - select action Shift-Dir - straight line, f/p - Terence
Aim: Terence, wielding a +0 flail and wearing a +2 scale mail of fire resistance (85% to hit)
The blast of sand hits Terence.
Terence is moderately wounded.
Terence closely misses you. Terence barely misses you.
You hit Terence.
Terence is moderately wounded.
Terence barely misses you.
You barely miss Terence.
Terence is moderately wounded.
Terence hits you with a +0 flail.
* * * LOW HITPOINT WARNING * * *
You barely miss Terence.
Terence is moderately wounded.
Terence hits you with a +0 flail!
You die...

.............# #..........
.......##....# #..........
#....####....# #..........
#....# #....# ............
#....####....####..........
#....##....................
#....##........##..........
#....##..........@.#.#..
#....##.........@.##.#.#####@
#....##...........##.#.#.....
..................##.........
..............##.)..##.......
.......................#...#.#
..............#....<..##...#.#
.###..........#.####..##.....#
...[.........##......)##...##
.............########....#


You could see Terence.

Vanquished Creatures
  An adder (D:2)
  A worm (D:1)
  2 dart slugs (D:1)
  2 ball pythons (D:1)
  A bat (D:1)
  3 endoplasms (D:1)
  3 giant cockroaches
  5 goblins
  3 hobgoblins
  A jackal (D:1)
  3 quokkas
  4 frilled lizards
  6 kobolds
  A rat (D:1)
36 creatures vanquished.

Notes
Turn   | Place    | Note
-------+----------+-------------------------------------------
     0 | D:1      | MacCMillion the Gargoyle Earth Elementalist began the quest
                  | for the Orb.
     0 | D:1      | Reached XP level 1. HP: 10/10 MP: 3/3
    53 | D:1      | Reached skill level 4 in Earth Magic
   226 | D:1      | Reached XP level 2. HP: 15/15 MP: 3/5
   647 | D:1      | Reached XP level 3. HP: 19/19 MP: 4/6
   676 | D:1      | Reached skill level 5 in Earth Magic
  1377 | D:2      | Noticed Terence
  1481 | D:2      | Learned a level 3 spell: Stone Arrow
  1488 | D:2      | Noticed Sigmund
  1860 | D:2      | Slain by Terence

Illustrated notes

Levels and vault maps discovered:
D:1:      dpeg_arrival_brainrot, layout_loops_ring, corexii_hall_statues_s,
          st_stairs_13, minmay_pentomino_r2
D:2:      layout_basic, uniq_terence, uniq_sigmund
D:3:      layout_basic, mainiacjoe_overflow_brackets, minmay_misc_feat_columns,
          uniq_natasha

Skill      XL: |  1  2  3 |
---------------+----------+-----
Earth Magic    | 4 5 |  5.7
Dodging        | |  1.5
Stealth        | |  2.1
Spellcasting   | |  2.0
Conjurations   | |  0.1
Transmutations | |  0.7

Action                     || total
---------------------------++-------
  Melee: Rapier            ||     7
   Cast: Sandblast         ||    49
    Use: Scroll            ||     1
 Armour: Robe              ||     4
  Dodge: Dodged            ||    10
